 Dungeon Crawl Stone Soup version 0.25-a0-458-g6fc7858b95 (webtiles) character file.

Game seed: 9209676811401820839, levelgen mode: deterministic

1736 Nattfarinn the Covert (level 9, -2/47 HPs)
             Began as a Vine Stalker Assassin on Feb 2, 2020.
             Was a Believer of Uskayaw.
             Succumbed to a water moccasin's poison
             ... on level 7 of the Dungeon.
             The game lasted 00:10:40 (5994 turns).

Nattfarinn the Covert (Vine Stalker Assassin)       Turns: 5994, Time: 00:10:40

Health: -2/47      AC:  2    Str: 14    XL:     9   Next: 5%
Magic:  2/16       EV: 12    Int: 11    God:    Uskayaw [**....]
Gold:   475        SH:  0    Dex: 19    Spells: 16/16 levels left

rFire    . . .     SeeInvis .   a - +2 dagger (elec)
rCold    + + .     Gourm    .   (no shield)
rNeg     . . .     Faith    .   o - +0 robe
rPois    .         Spirit   +   (no helmet)
rElec    .         Reflect  .   q - scarf {rC+ rF+}
rCorr    .         Harm     .   (no gloves)
MR       +....                  (no boots)
Stlth    +++++.....             (no amulet)
HPRegen  0.55/turn              p - ring of ice
MPRegen  0.15/turn              (no ring)

@: lethally poisoned (-2 -> -27), flying
A: fangs 3, regeneration 1, magic shield, antimagic bite, no potion heal 3, rot
immunity
a: Stomp, Line Pass, Renounce Religion


You were on level 7 of the Dungeon.
You worshipped Uskayaw.
Uskayaw was noncommittal.
You were very hungry.

You visited 2 branches of the dungeon, and saw 8 of its levels.

You collected 475 gold pieces.

Inventory:

Hand Weapons
 a - a +2 dagger of electrocution (weapon)
 b - a +4 falchion of holy wrath
 c - a +2 dagger
Missiles
 d - 46 poisoned darts (quivered)
 e - 2 curare-tipped darts
Armour
 o - a +0 robe (worn)
 q - a scarf of resistance (worn)
Jewellery
 p - a ring of ice (left hand)
Wands
 r - a wand of polymorph (11)
Scrolls
 h - 4 scrolls of enchant armour {unknown}
 j - 5 scrolls of magic mapping {unknown}
 l - 6 scrolls of identify {unknown}
 m - 2 scrolls of random uselessness {unknown}
 n - 3 scrolls of remove curse {unknown}
 s - 3 scrolls of fog {unknown}
 t - 3 scrolls of amnesia {unknown}
 y - a scroll of teleportation {unknown}
 A - a scroll of torment {unknown}
Potions
 g - 3 potions of heal wounds
 i - a potion of berserk rage {unknown}
 k - 4 potions of curing {unknown}
 u - a potion of degeneration {unknown}
 v - a potion of agility {unknown}
 w - a potion of brilliance {unknown}
 x - a potion of resistance {unknown}
 z - a potion of flight
Comestibles
 f - 11 rations


   Skills:
 + Level 5.2 Fighting
 - Level 1.7 Short Blades
 - Level 1.7 Throwing
 * Level 3.4 Armour
 - Level 0.7 Dodging
 * Level 11.0 Stealth
 - Level 4.0 Spellcasting


You had 16 spell levels left.
You didn't know any spells.
Your spell library contained the following spells:

 Spells                   Type           Power        Failure   Level  Hunger
 Beastly Appendage        Tmut           #.....       24%         1    #......
 Foxfire                  Conj/Fire      #...         24%         1    #......
 Sticks to Snakes         Tmut           #.......     34%         2    ##.....
 Conjure Flame            Conj/Fire      #.......     56%         3    ###....
 Inner Flame              Hex/Fire       #.......     56%         3    ###....
 Spider Form              Tmut/Pois      #.........   56%         3    ###....
 Ice Form                 Ice/Tmut       #.......     93%         4    #####..
 Sticky Flame             Conj/Fire      #.......     93%         4    #####..
 Blade Hands              Tmut           #.........   100%        5    ######.
 Fireball                 Conj/Fire      #.........   100%        5    ######.


Dungeon Overview and Level Annotations

Branches:
Dungeon (7/15)             Temple (1/1) D:7

Altars:
Ashenzari
Cheibriados
Dithmenos
Elyvilon
Fedhas
Gozag
Makhleb
Nemelex Xobeh
Okawaru
Qazlal
Ru
Sif Muna
Trog
Uskayaw
Vehumet
Wu Jian
Xom
Yredelemnul
Zin
The Shining One


Innate Abilities, Weirdness & Mutations

You have razor-sharp teeth.
Your natural rate of healing is unusually fast.
When hurt, damage is shared between your health and your magic reserves.
Your bite disrupts and absorbs the magic of your enemies.
Potions cannot restore your health.
You are immune to rotting.


Message History

You feel sick. The water moccasin bites you.
* * * LOW HITPOINT WARNING * * *
You are more poisoned.
The water moccasin poisons you! The water moccasin bites you.
* * * LOW HITPOINT WARNING * * *
Okay, then.
Okay, then.
You hit the water moccasin.
You kill the water moccasin!
Your Stealth skill increases to level 11!
You have reached level 9!
Your experience leads to an increase in your attributes!
Increase (S)trength, (I)ntelligence, or (D)exterity?
You feel agile.
* * * LOW HITPOINT WARNING * * *
You feel very sick.
It was a potion of flight.
You feel very buoyant.
You fly up into the air.
You die...

#....##..# ...o.....#
.........# .........#
.......o.# #oo# .# #.o#
..# ## ##o##..### ..
#.@......... #.
#...........
#.######...........
.###................
.................... #
###.....##..##..### .#
+.....##..##..########.##
#.....+....'............#
##....##...#....##...#..#.


You could see an orc priest, an orc wizard and 3 orcs.

Vanquished Creatures
  A water moccasin (D:7)
  5 ice beasts
  A sky beast (D:6)
  2 phantoms (D:5)
  2 ogres (D:5)
  A big kobold (D:5)
  A scorpion (D:6)
  2 howler monkeys
  3 crimson imps
  A centaur zombie (D:6)
  A jelly (D:6)
  An orc priest (D:4)
  2 orc wizards
  A bullfrog skeleton (D:6)
  Terence (D:2)
  An iguana (D:6)
  A worker ant (D:5)
  A hound zombie (D:5)
  Robin (D:1)
  7 adders
  2 oozes
  2 adder zombies
  3 worms
  2 dart slugs
  7 leopard geckos
  8 orcs
  A ball python (D:1)
  5 giant cockroaches
  16 goblins
  6 hobgoblins
  A quokka (D:3)
  8 bats
  3 frilled lizards
  7 kobolds
  A quokka skeleton (D:6)
  A rat (D:1)
109 creatures vanquished.

Vanquished Creatures (others)
  A goblin (D:2)
1 creature vanquished.

Grand Total: 110 creatures vanquished

Notes
Turn   | Place    | Note
-------+----------+-------------------------------------------
     0 | D:1      | Nattfarinn the Vine Stalker Assassin began the quest for
                  | the Orb.
     0 | D:1      | Reached XP level 1. HP: 11/11 MP: 2/2
    36 | D:1      | Reached skill level 5 in Stealth
   377 | D:1      | Reached XP level 2. HP: 15/15 MP: 3/3
  1136 | D:2      | Found a glowing golden altar of the Shining One.
  1187 | D:2      | Reached skill level 1 in Spellcasting
  1229 | D:2      | Reached XP level 3. HP: 1/18 MP: 1/5
  1521 | D:2      | Noticed Robin
  1928 | D:1      | Killed Robin
  2359 | D:2      | Reached skill level 6 in Stealth
  2359 | D:2      | Gained mutation: Your natural rate of healing is unusually
                  | fast. [Vine Stalker growth]
  2359 | D:2      | Reached XP level 4. HP: 23/23 MP: 7/7
  2492 | D:2      | Noticed Terence
  2499 | D:2      | Killed Terence
  2691 | D:3      | Reached XP level 5. HP: 25/27 MP: 6/8
  2893 | D:3      | Found an ornate altar of the Wu Jian Council.
  3551 | D:4      | Reached skill level 7 in Stealth
  3727 | D:4      | Reached XP level 6. HP: 28/32 MP: 10/10
  3880 | D:4      | Found a bloodstained altar of Trog.
  3937 | D:5      | Entered Level 5 of the Dungeon
  3937 | D:5      | Noticed a phantom
  3946 | D:5      | Killed a phantom
  3972 | D:5      | Reached skill level 8 in Stealth
  3986 | D:5      | Reached XP level 7. HP: 23/36 MP: 7/12
  4062 | D:5      | Found a shadowy altar of Dithmenos.
  4427 | D:5      | Reached skill level 9 in Stealth
  4722 | D:5      | Gained mutation: You have razor-sharp teeth. [Vine Stalker
                  | growth]
  4722 | D:5      | Reached XP level 8. HP: 26/42 MP: 8/15
  4858 | D:6      | Reached skill level 1 in Armour
  4966 | D:6      | Found a white marble altar of Elyvilon.
  4991 | D:6      | Reached skill level 10 in Stealth
  5372 | D:6      | Reached skill level 5 in Fighting
  5753 | D:7      | Found a staircase to the Ecumenical Temple.
  5763 | Temple   | Entered the Ecumenical Temple
  5906 | Temple   | Became a worshipper of Uskayaw the Reveler
  5961 | D:7      | Reached * piety under Uskayaw
  5963 | D:7      | Reached ** piety under Uskayaw
  5993 | D:7      | Reached skill level 11 in Stealth
  5993 | D:7      | Reached XP level 9. HP: 3/47 MP: 2/16
  5993 | D:7      | HP: 1/47 [poisoned by a water moccasin]
  5994 | D:7      | Succumbed to a water moccasin's poison

Levels and vault maps discovered:
D:1:      minmay_arrival_floating_metal, layout_basic
D:2:      layout_basic, tso_oasis_becter, st_stairs_6, uniq_robin, uniq_terence
D:3:      layout_loops_ring, lemuel_crystal_altar
D:4:      layout_basic, lemuel_coloured_pillars_altar
D:5:      layout_loops_cross, grunt_dithmenos_shadows, first_ration
D:6:      layout_rooms, serial_glass, glass_columns_c, glass_columns_c,
          elyvilon_altar_1
D:7:      layout_gridville, minmay_temple_entry_mini_moons,
          minmay_misc_feat_cross, uniq_maggie, uniq_crazy_yiuf_cottage
Temple:   regret_index_temple_sphere_string

Skill      XL: |  1  2  3  4  5  6  7  8 |
---------------+-------------------------+-----
Stealth        | 5 6 7 8 9 11 | 11.0
Fighting       | 2 3 4 5 |  5.2
Spellcasting   | 1 2 3 4 |  4.0
Armour         | 3 |  3.4
Short Blades   | |  1.7
Throwing       | |  1.7
Dodging        | |  0.7

Action                   |  1- 3 |  4- 6 |  7- 9 || total
-------------------------+-------+-------+-------++-------
Melee: Dagger            |    68 |     3 |    13 ||    84
       Bite              |    14 |    27 |    54 ||    95
       Falchion          |     5 |    81 |   131 ||   217
  Use: Potion            |       |       |     2 ||     2
 Stab: Sleeping          |     7 |     8 |     6 ||    21
       Distracted        |       |     1 |       ||     1
  Eat: Chunk             |     4 |     6 |     5 ||    15
Armor: Robe              |    17 |    13 |    24 ||    54
Dodge: Dodged            |    53 |    51 |    65 ||   169
       Rpst.: Falchion   |     1 |     8 |    15 ||    24

Table legend:
 A = Non-vault XP
 B = Vault XP
 C = Vault XP percentage of total XP
 D = Non-vault monster count
 E = Vault monster count
 F = Vault count percentage of total count
                 A         B        C        D         E       F
            +---------+---------+-------+---------+---------+-------
      Total |    2275 |     205 |   8.3 |      96 |      13 |  11.9
            +---------+---------+-------+---------+---------+-------
        D:1 |      28 |      27 |  49.1 |      13 |       8 |  38.1
        D:2 |      21 |      54 |  72.0 |      10 |       4 |  28.6
        D:3 |     118 |       0 |   0.0 |      22 |       0 |   0.0
        D:4 |      76 |       0 |   0.0 |       9 |       0 |   0.0
        D:5 |     758 |     124 |  14.1 |      16 |       1 |   5.9
        D:6 |     982 |       0 |   0.0 |      23 |       0 |   0.0
        D:7 |     292 |       0 |   0.0 |       3 |       0 |   0.0
            +---------+---------+-------+---------+---------+-------
